 Dungeon Crawl Stone Soup version 0.31-a0-177-g4aa6249778 (webtiles) character file.

Game seed: 8342885846975072910

630 Hajna the Chopper (level 7, -3/61 HPs)
             Began as a Hill Orc Fighter on June 19, 2023.
             Was an Initiate of Beogh.
             Slain by Pikel
             ... wielding a +2 whip of flaming
              (9 damage)
             ... on level 5 of the Dungeon.
             The game lasted 00:16:08 (4410 turns).

Hajna the Chopper (Hill Orc Fighter)                Turns: 4410, Time: 00:16:09

Health: -3/61      AC: 14    Str: 19 (21) XL:     7   Next: 48%
Magic:  7/7        EV: 10    Int:  8      God:    Beogh [......]
Gold:   191        SH:  4    Dex:  8 (10) Spells: 5/6 levels left

rFire   . . .        k - +0 hand axe (vamp)
rCold   + . .        c - +0 buckler
rNeg    . . .        u - +1 ring mail {rC+}
rPois   .            (no helmet)
rElec   .            (no cloak)
rCorr   .            o - +1 pair of gloves
SInv    +            f - +0 pair of boots
Will    .....        (no amulet) Stlth
                     v - +4 ring of protection
HPRegen 0.30/turn    i - ring of see invisible
MPRegen 0.10/turn

%: random rage (3%)
@: no status effects
A: berserk 1
a: Renounce Religion


You were on level 5 of the Dungeon.
You worshipped Beogh.
Beogh was noncommittal.
You visited 1 branch of the dungeon, and saw 5 of its levels.

You collected 281 gold pieces.
You spent 90 gold pieces at shops.

Inventory:

Hand Weapons
 a - a +1 war axe
 k - a +0 vampiric hand axe (weapon)
Missiles
 j - 3 javelins
 l - 25 stones
 n - 5 boomerangs (quivered)
Armour
 b - a +0 scale mail
 c - a +0 buckler (worn)
 f - a +0 pair of boots (worn)
 o - a +1 pair of gloves (worn)
 u - a +1 ring mail of cold resistance (worn)
Jewellery
 h - a ring of flight
 i - a ring of see invisible (right hand)
 v - a +4 ring of protection (left hand)
Wands
 w - a wand of polymorph (6)
 x - a wand of acid (1)
Scrolls
 e - a scroll of teleportation
 m - 2 scrolls of identify
 p - a scroll of torment {unknown}
 q - a scroll of poison
 s - 2 scrolls of enchant armour
 t - a scroll of acquirement {unknown}
 y - a scroll of revelation
 z - a scroll of amnesia {unknown}
Potions
 d - 4 potions of degeneration
 r - 2 potions of ambrosia {unknown}


   Skills:
 + Level 5.5 Fighting
 + Level 6.7 Axes
 + Level 0.5 Throwing
 + Level 5.3 Armour
 + Level 1.3 Dodging
 + Level 0.3 Stealth
 + Level 4.2 Shields


You had 5 spell levels left.
You knew the following spells:

 Your Spells              Type           Power      Damage    Failure   Level
a - Slow                  Hex            0%         N/A       65%         1

Your spell library contained the following spells:

 Spells                   Type           Power      Damage    Failure   Level
 Confusing Touch          Hex            0%         N/A       95%         3
 Portal Projectile        Hex/Tloc       0%         N/A       95%         3
 Tukima's Dance           Hex            0%         N/A       95%         3
 Vampiric Draining        Necr           0%         2d6       95%         3
 Passage of Golubria      Tloc           0%         N/A       100%        4
 Blade Hands              Tmut           0%         N/A       100%        5
 Yara's Violent Unravell  Hex/Tmut       0%         3d3       100%        5


Dungeon Overview and Level Annotations

Branches:
Dungeon (5/15)
 Temple: D:4-7

Altars:
Dithmenos
Hepliaklqana
Qazlal
Sif Muna
Trog
Vehumet
Wu Jian
Zin

Shops:
D:4 :

Annotations:
D:4 exclusion: statue
D:5 Pikel


Innate Abilities, Weirdness & Mutations

You sometimes lose your temper in combat.


Message History

Pikel hits you but does no damage.
You barely miss Pikel.
Pikel is lightly wounded.
Pikel closely misses you.
You hit Pikel.
You feel better.
Pikel is moderately wounded.
You block Pikel's attack.
You closely miss Pikel.
Pikel is moderately wounded.
Pikel hits you with a +2 whip of flaming.
Pikel burns you.
You hit Pikel.
You feel better.
Pikel is moderately wounded.
Pikel hits you but does no damage.
You hit Pikel but do no damage.
Pikel is moderately wounded.
Pikel hits you with a +2 whip of flaming!
Pikel burns you.
You are too injured to fight recklessly!
You are too injured to fight recklessly!
You are too injured to fight recklessly!
You are too injured to fight recklessly!
You are too injured to fight recklessly!
You hit Pikel.
Pikel is heavily wounded.
Pikel hits you with a +2 whip of flaming!
Pikel burns you.
You barely miss Pikel.
Pikel is heavily wounded.
Pikel closely misses you.
You hit Pikel but do no damage.
Pikel is heavily wounded.
Pikel hits you with a +2 whip of flaming!
* * * LOW HITPOINT WARNING * * *
Pikel burns you.
* * * LOW HITPOINT WARNING * * *
It was a potion of mutation.
You feel extremely strange.
You feel a little pissed off.
Pikel hits you with a +2 whip of flaming!
You die...

#############
#########.#####
..# #.# ## ..# #.#
##. #.# #.###.#
#5# #...... #5#
##.##)# #5# #.###)
#K# #.##.) #@#
#.##.# #.# #.##.#
#.# #.....
#.##############..
#.................
##################
#


You could see Pikel and 3 lemures.

Vanquished Creatures
  An ogre (D:4)
  A black bear (D:3)
  A lemure (D:5)
  Blork the orc (D:5)
  An orc priest (D:5)
  A sleepcap (D:5)
  3 iguanas
  Terence (D:2)
  3 orc wizards
  4 adders
  A white imp (D:5)
  2 ufetubi
  3 worms
  A dart slug (D:1)
  15 orcs
  7 bats
  6 endoplasms
  A giant cockroach (D:1)
  5 goblins
  9 hobgoblins
  2 quokkas
  8 ball pythons
  A frilled lizard (D:1)
  4 kobolds
  6 rats
88 creatures vanquished.

Vanquished Creatures (others)
  An orc priest (D:5)
  An orc (D:5)
2 creatures vanquished.

Grand Total: 90 creatures vanquished

Notes
Turn   | Place    | Note
-------+----------+-------------------------------------------
     0 | D:1      | Hajna the Hill Orc Fighter began the quest for the Orb.
     0 | D:1      | Reached XP level 1. HP: 19/19 MP: 1/1
   132 | D:1      | Reached XP level 2. HP: 27/27 MP: 2/2
   239 | D:1      | Reached skill level 3 in Axes
   613 | D:1      | Reached XP level 3. HP: 33/33 MP: 3/3
   866 | D:2      | Learned a level 1 spell: Slow
  1144 | D:2      | Noticed Terence
  1462 | D:2      | Killed Terence
  1533 | D:3      | Reached XP level 4. HP: 38/40 MP: 4/4
  1685 | D:3      | Reached skill level 4 in Axes
  1694 | D:3      | Found an ornate altar of the Wu Jian Council.
  1845 | D:3      | Found a shimmering blue altar of Sif Muna.
  1885 | D:3      | Found Zin's Purification Station.
  1894 | D:3      | Found a glowing silver altar of Zin.
  1910 | D:3      | Bought a potion of curing for 90 gold pieces
  1913 | D:3      | Noticed a black bear
  1921 | D:3      | Killed a black bear
  1922 | D:3      | Reached skill level 1 in Dodging
  1922 | D:3      | Reached XP level 5. HP: 43/47 MP: 5/5
  2024 | D:3      | Found a stormy altar of Qazlal.
  2025 | D:3      | Found a shadowy altar of Dithmenos.
  2337 | D:4      | Reached XP level 6. HP: 53/53 MP: 6/6
  2343 | D:4      | Reached skill level 5 in Axes
  2424 | D:4      | Found Wikhla's Vocational Training.
  2708 | D:4      | Found a radiant altar of Vehumet.
  2760 | D:4      | Found a hazy altar of Hepliaklqana.
  3138 | D:4      | Reached skill level 5 in Fighting
  3328 | D:5      | Entered Level 5 of the Dungeon
  3430 | D:5      | Reached skill level 6 in Axes
  3446 | D:5      | Became a worshipper of Beogh the Brigand
  3458 | D:5      | Reached XP level 7. HP: 45/61 MP: 7/7
  3495 | D:5      | Reached skill level 5 in Armour
  3541 | D:5      | Noticed Blork the orc
  3554 | D:5      | Killed Blork the orc
  3712 | D:5      | Found a bloodstained altar of Trog.
  3800 | D:5      | HP: 2/61 [orc wizard/magic dart (7)]
  4376 | D:5      | Noticed Pikel
  4410 | D:5      | Gained mutation: You sometimes lose your temper in combat.
                  | [potion of mutation]
  4410 | D:5      | Slain by Pikel

Illustrated notes

Levels and vault maps discovered:
D:1:      scummos_arrival_simple_crosswalls, layout_basic, chequers_avenue
D:2:      layout_basic, uniq_terence
D:3:      layout_loops_ring, zin_purify, lemuel_coloured_pillars_altar,
          nicolae_overflow_squiral, nicolae_sif_muna_condensation
D:4:      layout_loops_ring, nzn_hepliaklqana_mist_gate, vehumet_statue,
          hangedman_decor_diamond_cutter, nicolae_shop_vocational
D:5:      layout_loops_ring, mainiacjoe_overflow_alcove_4,
          cheibrodos_sewer_entry_bend, hellmonk_no_cap, uniq_pikel,
          uniq_blork_the_orc

Skill      XL: |  1  2  3  4  5  6  7 |
---------------+----------------------+-----
Axes           | 3 4 6 |  6.7
Fighting       | 4 5 |  5.5
Armour         | 4 5 |  5.3
Dodging        | 1 |  1.3
Shields        | 4 |  4.2
Throwing       | |  0.5
Stealth        | |  0.3

Action                     |  1- 3 |  4- 6 |  7- 9 || total
---------------------------+-------+-------+-------++-------
  Melee: War axe           |    75 |    59 |       ||   134
         Hand axe          |       |    84 |   144 ||   228
  Throw: Boomerang         |       |     4 |       ||     4
         Javelin           |       |     3 |       ||     3
 Invoke: Convert to Beogh  |       |     1 |       ||     1
    Use: Scroll            |     7 |     6 |       ||    13
         Potion            |     1 |     1 |     6 ||     8
 Armour: Scale mail        |    31 |    39 |       ||    70
         Ring mail         |       |    29 |    55 ||    84
         Skin              |       |       |    13 ||    13
  Dodge: Dodged            |    48 |    78 |    51 ||   177
  Block: Buckler           |    20 |    30 |    27 ||    77

Table legend: (Time is in decaauts)
 A = Elapsed time spent in this place.
 B = Non-inter-level travel time spent in this place.
 C = Inter-level travel time spent in this place.
 D = Time resting spent in this place.
 E = Time spent auto-exploring this place.
 F = Levels seen in this place.
 G = Mean time per level.
                   A        B        C        D        E       F      G
               +--------+--------+--------+--------+--------+-----+--------+
         Total |   4470 |   4118 |    352 |      0 |   3311 |   5 |  894.0 |
       Dungeon |   4470 |   4118 |    352 |      0 |   3311 |   5 |  894.0 |
               +--------+--------+--------+--------+--------+-----+--------+

Top non-repeatable levels by time:
     D:5: 1091 daAuts
     D:4: 1030 daAuts
     D:1: 915 daAuts
     D:3: 844 daAuts
     D:2: 588 daAuts
